Map: Dusk Towers

Players

viOLet - Winner!

  • Race: Protoss Protoss
  • League: Grandmaster

xKawaiian

  • Race: Terran Terran
  • League: Master

VOD

Have the link to the VOD?

Description

Time

  • Played on: Jan. 12, 2016, 7:55 p.m.
  • Length: 17:21
Show
View Real Time Build Order
Export as new Build Order

viOLet Protoss - Winner!

Build Orders: 1 Gate Expand, Blink Stalkers 

Get SALT Encoding   

  12  0:01  Probe (Chrono Boost)  
  13  0:11  Probe (Chrono Boost)  
  14  0:17  Pylon  
  14  0:22  Probe (Chrono Boost)  
  15  0:35  Probe (Chrono Boost)  
  16  0:36  Gateway  
  16  0:45  Assimilator  
  16  0:46  Probe (Chrono Boost)  
  17  0:56  Probe (Chrono Boost)  
  18  1:07  Probe (Chrono Boost)  
  19  1:17  Probe (Chrono Boost)  
  20  1:23  Cybernetics Core  
  20  1:28  Probe (Chrono Boost)  
  21  1:39  Nexus  
  21  1:46  Pylon  
  21  1:49  Probe (Chrono Boost)  
  22  1:57  Assimilator  
  22  2:05  Mothership Core (Chrono Boost)  
  22  2:06  Warp Gate  
  24  2:17  Pylon  
  24  2:23  Probe (Chrono Boost)  
  24  2:28  Adept  
  27  2:33  Probe (Chrono Boost)  
  28  2:40  Twilight Council  
  29  2:44  Probe (Chrono Boost)  
  29  2:48  Pylon  
  29  2:52  Probe (Chrono Boost)  
  29  2:54  Probe (Chrono Boost)  
  31  3:03  Probe (Chrono Boost)  
  31  3:05  Probe (Chrono Boost)  
  33  3:12  Probe (Chrono Boost)  
  33  3:15  Probe (Chrono Boost)  
  33  3:19  Blink (Chrono Boost)  
  35  3:22  Probe  
  37  3:27  Probe  
  37  3:30  Gateway  
  37  3:32  Gateway  
  37  3:36  Pylon  
  37  3:37  Probe  
  37  3:41  Probe  
  39  3:53  Probe  
  39  3:54  Probe, Pylon  
  39  3:55  Pylon  
  41  4:04  Probe  
  41  4:07  Probe  
  43  4:12  Stalker  
  45  4:20  Probe  
  45  4:22  Probe  
  47  4:31  Stalker x2  
  47  4:33  Probe x2  
  47  4:35  Stalker  
  55  4:44  Nexus  
  55  4:47  Forge  
  55  4:48  Pylon  
  55  4:51  Probe x2  
  55  4:52  Assimilator x2  
  57  5:06  Templar Archives  
  57  5:09  Probe  
  57  5:12  Pylon x2  
  57  5:14  Stalker x3  
  64  5:23  Probe  
  64  5:24  Protoss Ground Armor Level 1 (Chrono Boost)  
  64  5:26  Charge (Chrono Boost)  
  65  5:31  Pylon  
  65  5:41  Pylon  
  63  5:46  Gateway x2  
  63  5:52  Probe  
  64  5:58  Probe x2  
  64  5:59  Psionic Storm  
  66  6:04  Probe  
  66  6:06  High Templar  
  66  6:08  Probe  
  66  6:10  Probe, Pylon  
  70  6:16  Probe  
  72  6:18  Robotics Facility  
  72  6:19  Assimilator  
  72  6:24  Photon Cannon, Assimilator  
  72  6:30  High Templar  
  74  6:36  Probe, Photon Cannon  
  74  6:37  Pylon  
  75  6:43  Photon Cannon  
  75  6:49  Zealot x4  
  75  6:53  Protoss Ground Armor Level 2, Pylon  
  83  7:01  Probe x2  
  83  7:02  Probe  
  83  7:05  Observer  
  87  7:12  High Templar  
  87  7:13  Gateway, Probe  
  87  7:15  Gateway x2  
  90  7:18  Zealot x3  
  90  7:21  High Templar  
  98  7:24  Probe x2  
  98  7:25  Probe  
  98  7:27  Observer (Chrono Boost)  
  102  7:36  Probe x2  
  104  7:37  Probe  
  104  7:38  Pylon  
  104  7:42  Zealot x3  
  111  7:47  Observer (Chrono Boost)  
  89  7:56  Zealot x2  
  80  8:00  Probe x3  
  80  8:04  Zealot  
  80  8:05  Zealot x2  
  83  8:12  Probe x3  
  84  8:22  Warp Prism (Chrono Boost)  
  84  8:24  Probe x2  
  84  8:26  Dark Shrine  
  88  8:41  Stalker x2  
  88  8:42  Stalker x3  
  88  8:47  Probe x2  
  100  8:49  Probe  
  101  9:02  Probe x2  
  103  9:07  Zealot x3  
  103  9:08  Zealot  
  111  9:12  Zealot x2  
  111  9:21  Probe x2, Observer (Chrono Boost)  
  107  9:38  Dark Templar  
  107  9:39  Dark Templar x3  
  107  9:43  Dark Templar  
  117  9:50  Probe x2  
  119  10:05  Stalker x3  
  123  10:13  Protoss Ground Armor Level 3  
  118  10:27  Zealot x2  
  118  10:28  Zealot x3  
  106  10:47  Warp Prism (Chrono Boost)  
  98  10:55  High Templar  
  98  10:56  High Templar x3  
  106  10:57  Nexus  
  105  11:39  High Templar x2  
  105  11:40  High Templar  
  105  11:43  Pylon  
  105  11:44  Pylon  
  107  11:47  Pylon  
  107  12:00  Zealot x5  
  116  12:26  Zealot  
  116  12:27  Zealot x6  
  130  12:32  Zealot  
  130  12:36  Protoss Ground Weapons Level 1  
  124  12:39  Immortal (Chrono Boost)  
  114  12:53  Dark Templar x3  
  112  13:12  Zealot x3  
  116  13:13  Zealot x2  
  116  13:16  Immortal (Chrono Boost)  
  126  13:23  Robotics Facility  
  126  13:25  Pylon  
  122  13:38  Zealot x3  
  122  13:39  Zealot  
  128  13:50  Immortal (Chrono Boost)  
  132  14:00  Nexus, Pylon  
  132  14:09  Zealot x6  
  144  14:14  Zealot x2  
  148  14:21  Protoss Ground Weapons Level 2  
  138  14:38  Immortal (Chrono Boost)  
  136  14:43  Dark Templar x2, Immortal (Chrono Boost)  
  136  15:08  Zealot  
  136  15:09  Zealot x5  
  124  15:22  Immortal (Chrono Boost)  
  124  15:23  Immortal (Chrono Boost)  
  126  15:33  Pylon, Assimilator  
  126  15:39  High Templar  
  126  15:40  High Templar x6  
  126  15:41  High Templar  
  142  15:44  Archon x3  
  142  15:46  Archon  
  130  16:00  Immortal (Chrono Boost)  
  130  16:01  Immortal (Chrono Boost)  
  138  16:14  High Templar  
  138  16:15  High Templar x3  
  138  16:16  High Templar x4  
  154  16:19  Archon x2  
  154  16:20  Archon  
  154  16:21  Archon  
  154  16:23  Nexus  
  154  16:24  Pylon  
  150  16:46  Assimilator  
  148  16:47  High Templar  
  148  16:48  Zealot, High Templar x3  
  148  16:49  Zealot x3  
Show
View Real Time Build Order
Export as new Build Order

xKawaiian Terran 

Build Orders: Reaper Expand, MMM Bio 

Get SALT Encoding   

  12  0:00  SCV  
  13  0:13  SCV  
  14  0:17  Supply Depot  
  14  0:25  SCV  
  15  0:39  SCV  
  15  0:42  Barracks  
  16  0:45  Refinery  
  16  0:51  SCV  
  17  1:03  SCV  
  18  1:15  SCV  
  19  1:29  Reaper, Orbital Command  
  20  1:42  Command Center  
  20  1:54  Supply Depot  
  20  1:55  SCV  
  21  2:02  Barracks Reactor  
  21  2:07  SCV  
  22  2:10  Barracks  
  22  2:19  SCV  
  22  2:21  Barracks  
  23  2:31  SCV  
  23  2:35  Engineering Bay  
  24  2:39  Marine  
  24  2:41  Marine  
  24  2:43  SCV  
  27  2:55  SCV  
  27  2:57  Marine  
  29  2:59  Barracks Tech Lab, Marine  
  29  3:01  Orbital Command  
  30  3:07  SCV  
  30  3:09  Missile Turret  
  30  3:10  Marine  
  32  3:15  Marine  
  32  3:17  Stimpack  
  33  3:20  Marine x2  
  33  3:23  SCV  
  36  3:30  Factory  
  36  3:31  Marine  
  37  3:36  Marine  
  37  3:38  Marine  
  37  3:39  Marine  
  40  3:41  SCV x2  
  40  3:46  Refinery  
  42  3:49  Marine  
  42  3:53  SCV x2  
  42  3:54  Marine  
  46  4:00  Supply Depot  
  46  4:18  Factory Reactor  
  46  4:20  Starport  
  46  4:21  Marine x4  
  46  4:22  SCV x2, Supply Depot  
  51  4:34  SCV x2  
  53  4:39  Supply Depot, Marine  
  53  4:44  Marine  
  55  4:46  Supply Depot, SCV x2  
  55  4:48  Marine  
  58  4:58  SCV  
  59  5:00  Command Center  
  59  5:01  SCV  
  59  5:04  Barracks Tech Lab  
  59  5:05  Medivac x2  
  64  5:07  Factory Reactor  
  64  5:08  Supply Depot  
  64  5:10  SCV  
  64  5:13  Marine x2  
  68  5:14  SCV  
  68  5:17  Refinery x2  
  68  5:24  Marauder, Marine  
  69  5:37  Medivac  
  69  5:40  Marine  
  69  5:41  Marine  
  69  5:42  SCV, Marauder  
  75  5:43  SCV  
  75  5:46  Marauder  
  75  5:48  Supply Depot x2  
  75  5:49  Combat Shields  
  78  5:54  SCV  
  78  5:55  SCV  
  79  5:57  Marine  
  79  5:58  Marine  
  79  6:04  Marauder  
  83  6:05  Medivac  
  83  6:06  SCV  
  83  6:09  Marine  
  83  6:10  Engineering Bay  
  86  6:14  Engineering Bay  
  86  6:15  SCV, Marine  
  88  6:19  SCV  
  88  6:22  Marine  
  88  6:25  Marauder  
  92  6:27  SCV, Marauder  
  92  6:32  Barracks  
  95  6:34  SCV, Barracks  
  95  6:37  Marine  
  97  6:40  Marine  
  97  6:41  Medivac  
  97  6:45  Medivac  
  97  6:46  Marauder  
  104  6:49  Marauder  
  104  6:50  SCV  
  107  6:59  SCV, Orbital Command  
  108  7:02  Terran Infantry Weapons Level 1, Terran Infantry Armor Level 1, SCV  
  108  7:04  Marine  
  108  7:06  Widow Mine  
  112  7:09  Marauder  
  112  7:11  SCV  
  112  7:12  Marine  
  112  7:14  Marine  
  117  7:21  Supply Depot  
  117  7:22  Supply Depot, Barracks Reactor  
  117  7:23  Barracks Tech Lab  
  117  7:33  Supply Depot  
  117  7:37  Armory  
  117  7:42  SCV x3, Marine x3  
  122  7:44  Marine  
  122  7:45  Marauder, Widow Mine x2  
  128  7:53  Medivac x2  
  128  7:54  SCV  
  128  7:56  SCV  
  127  7:59  Marine  
  127  8:00  Marauder  
  127  8:11  Marauder, Marine x3  
  128  8:13  Widow Mine x2  
  128  8:17  Command Center  
  128  8:19  Marauder, Marine  
  133  8:22  Marauder  
  133  8:24  Liberator  
  133  8:25  Medivac  
  137  8:29  Marine x3  
  137  8:31  Refinery x2  
  137  8:33  Marauder  
  132  8:37  Marine  
  132  8:41  Marauder  
  132  8:42  Widow Mine x2  
  132  8:43  Marauder  
  141  8:48  Marine x2  
  141  8:49  SCV, Supply Depot  
  141  8:50  Marine  
  141  8:54  Marauder  
  147  8:57  Marine  
  147  8:59  SCV x2  
  147  9:02  Supply Depot  
  150  9:05  Marauder, Marine  
  150  9:06  Marine  
  148  9:16  Marine x2  
  140  9:17  Marine, Marauder  
  140  9:21  Terran Infantry Weapons Level 2  
  140  9:23  Marauder  
  141  9:24  Marine  
  141  9:25  Supply Depot  
  141  9:26  Terran Infantry Armor Level 2  
  141  9:28  Marine  
  141  9:31  Planetary Fortress  
  141  9:33  SCV  
  141  9:37  Marine  
  143  9:38  Marauder  
  143  9:39  Marine  
  143  9:41  Widow Mine  
  143  9:42  Widow Mine  
  143  9:44  SCV  
  145  9:52  Missile Turret  
  139  10:00  Marine x2  
  139  10:01  Marine, Marauder x2  
  143  10:09  Marauder, Marine  
  143  10:13  Missile Turret  
  138  10:14  Orbital Command  
  128  10:23  Medivac  
  108  10:37  Marauder, Marine  
  108  10:38  Marine  
  108  10:39  Marine x2  
  108  10:42  SCV  
  106  10:44  SCV  
  105  10:51  SCV  
  106  10:57  SCV x2  
  106  11:02  Missile Turret, Marine x2  
  106  11:03  Supply Depot, Missile Turret, Marauder x2  
  114  11:05  SCV  
  114  11:06  SCV  
  114  11:09  SCV  
  117  11:16  SCV  
  117  11:17  SCV  
  117  11:19  SCV  
  117  11:20  Marauder, Marine  
  117  11:24  Marine  
  117  11:25  Marauder  
  120  11:28  Marine  
  120  11:31  Marine  
  120  11:35  SCV  
  120  11:36  SCV  
  120  11:38  Marine  
  120  11:39  SCV  
  120  11:49  Marauder, Marine x2  
  122  11:54  Marine  
  122  11:55  Marauder, Medivac  
  122  11:56  SCV  
  122  11:59  SCV x2  
  130  12:05  Medivac  
  132  12:09  Marine x2  
  132  12:12  SCV x3  
  137  12:19  Missile Turret  
  137  12:20  Marauder, Marine  
  140  12:25  SCV x3, Medivac  
  140  12:26  Marine  
  144  12:33  SCV  
  141  12:37  SCV x3, Marine  
  141  12:38  Marine  
  141  12:44  Marauder  
  140  12:45  SCV  
  140  12:49  SCV  
  140  12:50  Marauder  
  138  13:14  SCV x3  
  138  13:15  Medivac x2  
  138  13:19  Marauder, Marine x3  
  142  13:30  Marauder, Marine x2  
  142  13:32  SCV  
  135  13:36  SCV, Marine  
  135  13:37  SCV x2  
  135  13:40  Marauder  
  141  13:45  Medivac  
  141  13:47  SCV  
  144  13:49  Marine, Medivac  
  144  13:50  Marauder, Marine x2  
  144  13:52  Marauder  
  152  13:58  Supply Depot  
  152  14:02  Marauder  
  152  14:10  SCV x3  
  152  14:12  Marine x2  
  152  14:15  Reaper, Medivac  
  158  14:19  SCV, Medivac  
  158  14:22  SCV x3  
  158  14:23  Marine  
  156  14:27  Marine x2  
  156  14:31  SCV  
  157  14:35  SCV  
  153  14:40  Marauder, Marine x3  
  153  14:45  Marauder, Medivac  
  160  14:49  Medivac  
  162  14:53  SCV  
  163  15:01  Marine  
  163  15:03  Refinery  
  157  15:14  Marine  
  141  15:23  Orbital Command  
  141  15:28  SCV  
  140  15:30  Marauder, Marine  
  140  15:32  SCV x2  
  140  15:40  SCV  
  139  15:44  SCV, Missile Turret  
  138  15:52  SCV x2  
  138  15:53  SCV  
  141  15:59  Marauder, Marine  
  140  16:08  Marauder x2, Marine x2  
  140  16:09  SCV  
  140  16:10  SCV  
  146  16:14  SCV x2  
  146  16:15  Marine  
  149  16:20  Missile Turret  
  149  16:21  Missile Turret, Marauder  
  149  16:22  Missile Turret  
  149  16:23  Bunker, Missile Turret x2  
  149  16:24  SCV x2, Missile Turret  
  151  16:26  SCV  
  151  16:28  Marine  
  151  16:29  Marauder  
  151  16:30  SCV  
  155  16:41  SCV x2  
  155  16:42  Widow Mine  
  155  16:43  Widow Mine  
  155  16:44  SCV x2  
  163  16:51  Marine x2  
  163  16:52  Marine, Marauder x2  
  163  16:53  SCV  
  163  16:54  SCV  
  172  16:56  SCV x2  
  172  16:58  Marine  
  172  16:59  Marauder  
Tags
 
Add a new tag
Caveats
  • Supply blocks, unpowered buildings, or Contaminate may cause inaccurate times.
  • Supply counts are checked every 10 seconds.